 Dungeon Crawl Stone Soup version 0.28.0 (webtiles) character file.

Game seed: 4260343147356273839

378 browni3141 the Skirmisher (level 6, -2/85 HPs)
             Began as a Minotaur Berserker on Feb 18, 2022.
             Was a Believer of Trog.
             Slain by a killer bee (5 damage)
             ... on level 4 of the Dungeon.
             The game lasted 00:01:56 (3407 turns).

browni3141 the Skirmisher (Minotaur Berserker)      Turns: 3407, Time: 00:01:56

Health: -2/85      AC:  8    Str: 23    XL:     6   Next: 45%
Magic:  5/5        EV: 11    Int:  4    God:    Trog [**....]
Gold:   92         SH:  0    Dex: 16    Spells: 5/5 levels left

rFire   . . .      SeeInvis .   a - +0 hand axe
rCold   . . .      Faith    .   (no shield)
rNeg    . . .      Spirit   .   j - +3 ring mail
rPois   .          Reflect  .   (helmet restricted)
rElec   .          Harm     .   (no cloak)
rCorr   .          Rampage  .   (no gloves)
Will    ++...                   (no boots)
Stlth   ..........              (no amulet)
HPRegen 1.24/turn               X - +6 ring of dexterity
MPRegen 0.09/turn               (no ring)

@: berserking (expiring), lethally poisoned (-2 -> -2), strong-willed,
regenerating, very quick
A: horns 2, retaliatory headbutt
a: Renounce Religion, Berserk, Trog's Hand


You were on level 4 of the Dungeon.
You worshipped Trog.
Trog was pleased with you.
You visited 1 branch of the dungeon, and saw 4 of its levels.

You collected 147 gold pieces.
You spent 55 gold pieces at shops.


Innate Abilities, Weirdness & Mutations

You have a pair of horns on your head.
You reflexively headbutt those who attack you in melee.


   Skills:
 * Level 6.2 Fighting
 * Level 6.2 Axes
 + Level 4.2 Armour
 - Level 2.1 Dodging


You had 5 spell levels left.
You didn't know any spells.
Your spell library was empty.

Inventory:

Hand Weapons
 a - a +0 hand axe (weapon)
Armour
 b - a +0 animal skin
 j - a +3 ring mail (worn)
Jewellery
 X - a +6 ring of dexterity (left hand)
Scrolls
 d - a scroll of brand weapon
 f - a scroll of blinking {unknown}
 h - a scroll of fog {@r5}
 k - a scroll of enchant armour
 l - a scroll of teleportation {@r4}
Potions
 c - 2 potions of curing {unknown}
 e - a potion of attraction {unknown}
 g - 2 potions of heal wounds {unknown}
 i - a potion of ambrosia
 m - a potion of might {unknown}

Dungeon Overview and Level Annotations

Branches:
Dungeon (4/15)
 Temple: D:4-7

Altars:
Zin

Shops:
D:2 = D:3

?
≈≈≈≈≈≈≈≈≈≈≈P♣≈≈≈≈≈#
≈≈≈≈≈≈≈≈≈≈≈≈≈≈≈♣≈♣♣#
≈≈≈≈≈≈≈≈≈≈≈≈≈≈≈≈≈♣♣
≈≈≈≈≈≈≈≈≈≈≈≈P♣≈≈♣≈#
≈≈≈≈≈≈≈≈≈≈≈♣≈≈≈♣≈##
≈≈≈≈≈≈≈≈≈P≈≈≈≈♣♣##
≈≈≈≈♣≈≈PP≈♣≈♣♣#
♣≈≈≈♣≈♣♣≈≈#
♣≈≈≈≈♣y#@##
.####.y.#y#
#........yy#
...######### #


You could see 3 killer bees.


Message History

The killer bee completely misses you. You furiously retaliate!
You headbutt the killer bee. You slash the killer bee!
You kill the killer bee!
Trog accepts your kill.
You feel sick.
Your Fighting skill increases to level 6!
Your Axes skill increases to level 6!
You slash the killer bee!
The killer bee is almost dead.
You hear the slow rusting of a very distant drain.
You feel sick.
The killer bee stings you but does no damage.
You miss the killer bee. Your headbutt misses the killer bee.
The killer bee is almost dead.
You feel sick. The killer bee barely misses you. The killer bee stings you!
* * * LOW HITPOINT WARNING * * *
You slash the killer bee!
You kill the killer bee!
Trog accepts your kill.
You barely miss the killer bee. You headbutt the killer bee.
The killer bee is moderately wounded.
You feel sick. The killer bee stings you!
* * * LOW HITPOINT WARNING * * *
You miss the killer bee. Your headbutt misses the killer bee.
The killer bee is moderately wounded.
You feel sick.
The killer bee stings you but does no damage.
The killer bee stings you.
You die...

Skill      XL: |  1  2  3  4  5  6 |
---------------+-------------------+-----
Fighting       | 4 5 6 |  6.2
Axes           | 4 5 6 |  6.2
Armour         | 3 4 |  4.2
Dodging        | |  2.1

Action                   |  1- 3 |  4- 6 || total
-------------------------+-------+-------++-------
Melee: Hand axe          |    50 |    74 ||   124
       Headbutt          |     9 |    16 ||    25
Invok: Berserk           |     1 |     4 ||     5
       Trog's Hand       |       |     1 ||     1
  Use: Scroll            |       |     4 ||     4
Armor: Animal skin       |    11 |     1 ||    12
       Ring mail         |       |    29 ||    29
Dodge: Dodged            |    39 |    37 ||    76

Levels and vault maps discovered:
D:1:      kb_arrival_jail, layout_rooms, ebering_ecumenical_altar_box
D:2:      layout_rooms, serial_shops, shop
D:3:      kennysheep_six_static_rooms, layout_loops_corners, zin_scriptorium,
          serial_shops, nicolae_lakefront_shop, uniq_jessica
D:4:      layout_loops_corners, portal_sewer_entry_e, eino_curves_01,
          serial_bayou_lake_a

Notes
Turn   | Place    | Note
-------+----------+-------------------------------------------
     0 | D:1      | browni3141 the Minotaur Berserker began the quest for the
                  | Orb.
     0 | D:1      | Reached XP level 1. HP: 19/19 MP: 0/0
     2 | D:1      | Noticed a felid
     2 | D:1      | Noticed a formicid
     4 | D:1      | Noticed a troll
     4 | D:1      | Noticed a draconian
     6 | D:1      | Noticed a ghoul
     8 | D:1      | Noticed a demigod
     8 | D:1      | Noticed a spriggan
    10 | D:1      | Noticed a merfolk
    12 | D:1      | Noticed an ogre
    14 | D:1      | Noticed a demonspawn
    14 | D:1      | Noticed a naga
    16 | D:1      | Noticed a minotaur
    16 | D:1      | Noticed a gargoyle
    18 | D:1      | Noticed an elf
    20 | D:1      | Noticed an octopode
    22 | D:1      | Noticed a tengu
    22 | D:1      | Noticed a dwarf
    24 | D:1      | Noticed a human
    24 | D:1      | Noticed a vampire
    26 | D:1      | Noticed a vine stalker
   265 | D:1      | Reached skill level 4 in Fighting
   265 | D:1      | Reached XP level 2. HP: 27/27 MP: 1/1
   300 | D:1      | Reached skill level 4 in Axes
   387 | D:1      | Found a faded altar of an unknown god.
   730 | D:2      | Reached ** piety under Trog
   734 | D:2      | Reached skill level 3 in Armour
   734 | D:2      | Reached XP level 3. HP: 12/34 MP: 2/2
   953 | D:2      | Found Soaqisot's Jewellery Emporium.
  1047 | D:2      | HP: 2/34 [poisoned by an adder]
  1164 | D:2      | Reached XP level 4. HP: 19/41 MP: 3/3
  1338 | D:2      | Noticed an ogre
  1345 | D:2      | Killed an ogre
  1346 | D:2      | Reached skill level 5 in Fighting
  1346 | D:2      | Reached skill level 5 in Axes
  1346 | D:2      | Reached XP level 5. HP: 48/48 MP: 4/4
  1980 | D:3      | Found a glowing silver altar of Zin.
  2160 | D:3      | Found Wappui's Magic Scroll Shoppe.
  2169 | D:3      | Bought a scroll of teleportation for 33 gold pieces
  2169 | D:3      | Bought a scroll of identify for 22 gold pieces
  2212 | D:3      | Noticed Jessica
  2214 | D:3      | Killed Jessica
  3401 | D:4      | Reached skill level 4 in Armour
  3401 | D:4      | Reached XP level 6. HP: 17/57 MP: 5/5
  3403 | D:4      | Reached skill level 6 in Fighting
  3403 | D:4      | Reached skill level 6 in Axes
  3406 | D:4      | HP: 3/85 [killer bee (7)]
  3407 | D:4      | Slain by a killer bee

Vanquished Creatures
  An ogre (D:2)
  3 killer bees (D:4)
  An orc priest (D:2)
  Jessica (D:3)
  A hound skeleton (D:4)
  A gnoll (D:3)
  2 adders
  An ufetubus (D:4)
  2 worms
  3 dart slugs
  4 orcs
  5 endoplasms
  3 giant cockroaches
  2 goblins
  A hobgoblin (D:3)
  6 ball pythons
  A bat (D:2)
  9 kobolds
  6 rats
53 creatures vanquished.

Vanquished Creatures (others)
  3 plants (D:4)
3 creatures vanquished.

Grand Total: 56 creatures vanquished

Table legend: (Time is in decaauts)
 A = Elapsed time spent in this place.
 B = Non-inter-level travel time spent in this place.
 C = Inter-level travel time spent in this place.
 D = Time resting spent in this place.
 E = Time spent auto-exploring this place.
 F = Levels seen in this place.
 G = Mean time per level.
                   A        B        C        D        E       F      G
               +--------+--------+--------+--------+--------+-----+--------+
         Total |   3466 |   3406 |     60 |    642 |   2346 |   4 |  866.5 |
       Dungeon |   3466 |   3406 |     60 |    642 |   2346 |   4 |  866.5 |
               +--------+--------+--------+--------+--------+-----+--------+

Top non-repeatable levels by time:
     D:3: 1379 daAuts
     D:2: 1162 daAuts
     D:1: 719 daAuts
     D:4: 204 daAuts

Table legend:
 A = Non-vault XP
 B = Vault XP
 C = Vault XP percentage of total XP
 D = Non-vault monster count
 E = Vault monster count
 F = Vault count percentage of total count
                 A         B        C        D         E       F
            +---------+---------+-------+---------+---------+-------
      Total |     468 |      72 |  13.3 |      46 |       7 |  13.2
            +---------+---------+-------+---------+---------+-------
        D:1 |      26 |       0 |   0.0 |      15 |       0 |   0.0
        D:2 |     206 |       0 |   0.0 |      17 |       0 |   0.0
        D:3 |      18 |      72 |  80.0 |       9 |       7 |  43.8
        D:4 |     218 |       0 |   0.0 |       5 |       0 |   0.0
            +---------+---------+-------+---------+---------+-------
